 Dungeon Crawl Stone Soup version 0.30.0-13-g156ef70053 (webtiles) character file.

Game seed: 15525870658368861374

1681 booth the Conjurer (level 8, -1/54 HPs)
             Began as a Demonspawn Reaver on May 17, 2023.
             Was a Follower of Hepliaklqana.
             Slain by Erica
             ... wielding a +0 scimitar of flaming
              (9 damage)
             ... on level 8 of the Dungeon.
             The game lasted 00:42:35 (6160 turns).

booth the Conjurer (Demonspawn Reaver)              Turns: 6160, Time: 00:42:36

Health: -1/54      AC: 10    Str: 15    XL:     8   Next: 71%
Magic:  14/14      EV: 14    Int: 16    God:    Hepliaklqana [*.....]
Gold:   418        SH:  0    Dex: 18    Spells: 5/15 levels left

rFire   . . .        a - +1 hand axe (vamp)
rCold   . . .        (no shield)
rNeg    + . .        n - +2 robe {rN+}
rPois   +            x - +2 hat
rElec   .            g - +1 cloak {rPois}
rCorr   .            y - +1 pair of gloves
SInv    .            (no boots)
Will    +....        (no amulet)
Stlth   ++           c - ring of wizardry
HPRegen 0.29/turn    e - +6 ring of dexterity
MPRegen 0.14/turn

%: wizardry (x1)
@: no status effects
A: reduced essence, demonic guardian 1, spiny 2, big brain 1, hooves 1,
strong-willed 1
a: Renounce Religion, Recall Ancestor, Ancestor Identity


You were on level 8 of the Dungeon.
You worshipped Hepliaklqana.
Hepliaklqana was aware of your devotion.
You visited 2 branches of the dungeon, and saw 9 of its levels.
You also visited: Sewer.

You collected 418 gold pieces.

Inventory:

Hand Weapons
 a - a +1 vampiric hand axe (weapon)
 l - a +0 mace
 A - a +0 war axe
Missiles
 f - 15 poisoned darts (quivered)
 m - 2 boomerangs
 u - a curare-tipped dart
Armour
 b - a +0 leather armour
 g - a +1 cloak of poison resistance (worn)
 n - a +2 robe of positive energy (worn)
 q - a +2 scale mail of fire resistance
 x - a +2 hat (worn)
 y - a +1 pair of gloves (worn)
Jewellery
 c - a ring of wizardry (left hand)
 e - a +6 ring of dexterity (right hand)
 v - a ring of magical power
Wands
 z - a wand of flame (28)
 F - a wand of acid (10)
 G - a wand of mindburst (8)
Scrolls
 h - a scroll of poison
 r - a scroll of fog
 s - a scroll of magic mapping {unknown}
 t - a scroll of summoning {unknown}
 C - a scroll of teleportation {unknown}
 H - 3 scrolls of noise {unknown}
Potions
 d - a potion of magic
 i - 3 potions of might
 j - a potion of ambrosia
 k - 3 potions of curing
 o - 2 potions of mutation
 p - 2 potions of resistance
 w - a potion of attraction {unknown}
 B - a potion of flight {unknown}
 D - 2 potions of invisibility {unknown}
 E - a potion of heal wounds {unknown}


   Skills:
 + Level 4.3 Fighting
 + Level 4.5 Axes
 + Level 2.9 Armour
 + Level 4.0 Dodging
 + Level 4.1 Spellcasting
 + Level 5.0 Conjurations
 + Level 3.9 Necromancy
 + Level 3.3 Translocations


You had 5 spell levels left.
You knew the following spells:

 Your Spells              Type           Power      Damage    Failure   Level
a - Kiss of Death         Conj/Necr      68%        2d10      1%          1
b - Momentum Strike       Conj/Tloc      32%        3d8       1%          2
c - Blink                 Tloc           28%        N/A       2%          2
d - Lesser Beckoning      Tloc           28%        N/A       2%          2
e - Hailstorm             Conj/Ice       11%        3d5       8%          3

Your spell library contained the following spells:

 Spells                   Type           Power      Damage    Failure   Level
 Necrotise                Necr           60%        1d7       1%          1
 Sublimation of Blood     Necr           15%        N/A       1%          2
 Vampiric Draining        Necr           15%        2d7       4%          3
 Dazzling Flash           Conj/Hex       22%        N/A       8%          3
 Wereblood                Tmut           3%         N/A       11%         2
 Volatile Blastmotes      Fire/Tloc      16%        2d11      11%         3
 Iskenderun's Mystic Bla  Conj/Tloc      16%        2d5       12%         4
 Agony                    Necr           15%        N/A       34%         5
 Ice Form                 Ice/Tmut       3%         N/A       52%         4
 Starburst                Conj/Fire      5%         6d4       97%         6
 Simulacrum               Ice/Necr       4%         N/A       98%         6
 Summon Hydra             Summ           1%         N/A       100%        7


Dungeon Overview and Level Annotations

Branches:
Dungeon (9/15)             Temple (1/1) D:5           Sewer (visited)
   Lair: D:8-11         Orc: D:9-12

Altars:
Dithmenos
Gozag
Hepliaklqana
Makhleb
Nemelex Xobeh
Okawaru
Ru
Sif Muna
Trog
Uskayaw
Wu Jian
Xom
Yredelemnul

Annotations:
D:8 1 runed translucent door, Erica


Innate Abilities, Weirdness & Mutations

Your life essence is reduced to manifest your ancestor. (-10% HP)
A weak demonic guardian rushes to your aid.
You are mostly covered in sharp spines.
You have an unusually large brain. (Int +2)
You have large cloven feet.
You are strong-willed. (Will+)


Message History

You closely miss something. You closely miss the water moccasin.
The water moccasin barely misses you.
Your quasit closely misses the water moccasin.
Your quasit claws the water moccasin but does no damage.
Your quasit misses the water moccasin. Something completely misses you.
Shatamurrim closely misses something.
The water moccasin misses you.
Okay, then.
Something hits you.
* * * LOW HITPOINT WARNING * * *
Something burns you.
* * * LOW HITPOINT WARNING * * *
Your quasit closely misses the water moccasin.
Your quasit claws the water moccasin.
Your quasit closely misses the water moccasin.
The water moccasin barely misses your quasit.
Shatamurrim hits something.
Your quasit barely misses the water moccasin.
Your quasit claws the water moccasin.
Your quasit closely misses the water moccasin.
You feel better. The water moccasin misses your quasit.
Something barely misses Shatamurrim.
Your quasit closely misses the water moccasin.
Your quasit barely misses the water moccasin.
Your quasit completely misses the water moccasin.
Shatamurrim hits something.
You miss something. You kick something. The water moccasin bites your quasit.
Your quasit bites the water moccasin.
Your quasit misses the water moccasin.
Your quasit closely misses the water moccasin.
Something hits you!
* * * LOW HITPOINT WARNING * * *
Something burns you.
* * * LOW HITPOINT WARNING * * *
Shatamurrim closely misses something.
The water moccasin closely misses your quasit.
You feel better.
Your quasit closely misses the water moccasin.
Your quasit misses the water moccasin.
Your quasit claws the water moccasin but does no damage.
The water moccasin bites your quasit. Something hits you!
You die...

..........#####...#
###........##.....#
##.............#
##.>..##......# .
##..####.....# ..
#.## #....## #...
#..# #....# ##.....
...## ##...##S...#
##. #....@..5# #.
#...##R.## #.
#..####..# #....
..# ...... #..#
....... #..#
...###... ..# .#.
## ...


You could see the friendly Shatamurrim the ancestor, a water moccasin
(distracted, ally target) and a friendly quasit (summoned).

Vanquished Creatures
  Sigmund (D:3)
  A water moccasin (D:9)
  A sky beast (D:6)
  An ice beast (D:6)
  An ogre (D:5)
  A centaur (D:5)
  A phantom (D:5)
  2 kobold brigands
  3 scorpions
  2 jellies (D:5)
  2 hounds (D:5)
  Jessica (D:2)
  3 orc wizards (D:5)
  3 iguanas
  15 adders
  A river rat (Sewer)
  A white imp (D:6)
  An ufetubus (D:5)
  6 worms
  4 dart slugs
  6 orcs
  8 bats
  13 endoplasms
  4 giant cockroaches
  7 goblins
  6 hobgoblins
  7 jackals
  17 kobolds
  3 quokkas
  7 ball pythons
  6 frilled lizards
  13 rats
148 creatures vanquished.

Vanquished Creatures (collateral kills)
  A kobold brigand (Sewer)
1 creature vanquished.

Grand Total: 149 creatures vanquished

Notes
Turn   | Place    | Note
-------+----------+-------------------------------------------
     0 | D:1      | booth the Demonspawn Reaver began the quest for the Orb.
     0 | D:1      | Reached XP level 1. HP: 16/16 MP: 3/3
   263 | D:1      | Gained mutation: You are partially covered in sharp spines.
                  | [demonic ancestry]
   263 | D:1      | Reached XP level 2. HP: 20/22 MP: 5/5
   266 | D:1      | Learned a level 2 spell: Momentum Strike
   314 | D:1      | Learned a level 2 spell: Blink
   662 | D:2      | Reached XP level 3. HP: 25/28 MP: 6/6
  1034 | D:2      | Reached skill level 1 in Necromancy
  1034 | D:2      | Reached XP level 4. HP: 27/34 MP: 7/7
  1037 | D:2      | Learned a level 2 spell: Lesser Beckoning
  1100 | D:2      | Noticed Jessica
  1110 | D:2      | Killed Jessica
  1111 | D:2      | Reached skill level 1 in Translocations
  1527 | D:3      | Gained mutation: A weak demonic guardian rushes to your
                  | aid. [demonic ancestry]
  1527 | D:3      | Reached XP level 5. HP: 39/39 MP: 8/8
  1599 | D:3      | Found a glowing drain.
  1612 | Sewer    | Entered a sewer
  1669 | Sewer    | Reached XP level 6. HP: 28/46 MP: 10/10
  1833 | Sewer    | Reached skill level 1 in Armour
  2197 | D:3      | Learned a level 3 spell: Hailstorm
  2875 | D:3      | Noticed Sigmund
  2885 | D:3      | Killed Sigmund
  2886 | D:3      | Reached skill level 4 in Conjurations
  2886 | D:3      | Gained mutation: You have an unusually large brain. (Int
                  | +2) [demonic ancestry]
  2886 | D:3      | Reached XP level 7. HP: 43/52 MP: 11/11
  4015 | D:5      | Entered Level 5 of the Dungeon
  4410 | D:5      | Gained mutation: You are mostly covered in sharp spines.
                  | [demonic ancestry]
  4410 | D:5      | Reached XP level 8. HP: 25/60 MP: 13/13
  5143 | D:5      | Found a staircase to the Ecumenical Temple.
  5158 | Temple   | Entered the Ecumenical Temple
  5220 | Temple   | Became a worshipper of Hepliaklqana the Forgotten
  5508 | D:5      | Gained mutation: You have large cloven feet. [potion of
                  | mutation]
  5508 | D:5      | Gained mutation: You are strong-willed. (Will+) [potion of
                  | mutation]
  5939 | D:6      | Reached * piety under Hepliaklqana
  5994 | D:6      | You fall into a shaft and drop 3 floors!
  6045 | D:9      | Reached skill level 5 in Conjurations
  6110 | D:8      | Noticed a rakshasa
  6110 | D:8      | Noticed a cyclops
  6110 | D:8      | Noticed a skeletal warrior
  6111 | D:8      | Found a runed translucent door.
  6113 | D:8      | Noticed a slime creature
  6113 | D:8      | Noticed a meliai
  6113 | D:8      | Noticed a seven-headed hydra
  6113 | D:8      | Noticed a cyclops
  6146 | D:8      | Noticed Erica
  6157 | D:8      | HP: 2/54 [something (1)]
  6160 | D:8      | Slain by Erica

Illustrated notes

Levels and vault maps discovered:
D:1:      amcnicky_arrival_blooded_trapdoor, layout_basic,
          minmay_indecisive_spiral
D:2:      minmay_angry_zag, layout_rooms, minivault_23, minmay_rat_gold_closets,
          uniq_jessica
D:3:      layout_loops_cross, portal_sewer_entry_d, kennysheep_cross_bottleneck,
          uniq_sigmund
D:4:      layout_gridville
D:5:      minmay_recursive_quarters, layout_basic, minmay_temple_entry_slanted
D:6:      layout_layer_cave, tgw_kikubaaqudgha, vehumet_altar_wand_db
D:8:      minmay_gate_of_8, layout_layer_cave,
          grunt_temple_overflow_forces_of_nature, old_standard_altar,
          nicolae_ossuary_entry_plus, uniq_erica
D:9:      layout_cave_pools, zin_scriptorium, erik_lair_dragon, uniq_gastronok
Temple:   hellmonk_temple_of_storms

Skill      XL: |  1  2  3  4  5  6  7  8 |
---------------+-------------------------+-----
Dodging        | 2 3 4 |  4.0
Axes           | 3 4 |  4.5
Necromancy     | 1 2 3 |  3.9
Translocations | 1 2 3 |  3.3
Fighting       | 3 4 |  4.3
Armour         | 1 2 |  2.9
Spellcasting   | 3 4 |  4.1
Conjurations   | 4 5 |  5.0

Action                     |  1- 3 |  4- 6 |  7- 9 || total
---------------------------+-------+-------+-------++-------
  Melee: Hand axe          |    88 |   167 |   169 ||   424
         Punch             |       |     3 |     4 ||     7
         Kick              |       |       |    11 ||    11
  Throw: Dart              |       |     1 |       ||     1
 Invoke: Recall Ancestor   |       |       |     1 ||     1
    Use: Scroll            |     2 |     3 |     7 ||    12
         Potion            |       |     2 |     3 ||     5
 Armour: Leather armour    |    18 |     2 |       ||    20
         Robe              |       |    26 |    68 ||    94
  Dodge: Dodged            |    33 |    74 |   107 ||   214
